cohdb
Replays
Latest Replays
All Replays
Popular Replays
Top Player Replays
Match Explorer
How It Works
Community
CoH3 Stats
Reddit
Sign in to upload your games and track your stats! →
Sign in with Steam
Match 38316688
Unlisted
Match 38316688
Overview
Messages
Build Orders
End
Construct Weapon Support Center
Construct Barracks
Selects Armored Battlegroup
Selects Veteran Crews
1⁄4-ton 4x4 Truck
Riflemen Squad
Riflemen Squad
Grenade Package
Riflemen Squad
Riflemen Squad
Construct Medical Station
Infantry Support Center
M1918 Browning Automatic Rifles
Survival Training
Construct Weapon Support Center
M3 Armored Personnel Carrier
Engineer Squad
Construct Tank Depot
Selects Strength in Steel
Selects Seek and Destroy
Selects UNKNOWN (2160077)
M4A3E8 Sherman Easy Eight
Bazooka Squad
Bazooka Squad
Improved M9 Bazooka Rockets
天凉好个秋
Visetiisen
304532544
JANISSARY-TR
Mistweaver
MapSimulatorEnthusiast
Max Emotional Damage
Mael Radec
0
0
Comments
sign in to comment!
No comments posted yet!